 Dungeon Crawl Stone Soup version 0.30.0-18-gc0e69614cb (webtiles) character file.

Game seed: 2660257061476513551

46 howech the Twirler (level 3, -1/30 HPs)
             Began as a Minotaur Gladiator on May 24, 2023.
             Killed from afar by Sigmund (10 damage)
             ... with a puff of flame
             ... on level 2 of the Dungeon.
             The game lasted 00:03:31 (1052 turns).

howech the Twirler (Minotaur Gladiator)             Turns: 1052, Time: 00:03:32

Health: -1/30      AC:  3    Str: 20    XL:     3   Next: 46%
Magic:  2/2        EV: 12    Int:  5    God:
Gold:   42         SH:  0    Dex: 11    Spells: 2/2 levels left

rFire   . . .        a - +0 quarterstaff
rCold   . . .        (shield currently unavailable)
rNeg    . . .        b - +0 leather armour
rPois   .            c - +0 hat
rElec   .            (no cloak)
rCorr   .            (no gloves)
SInv    .            (no boots)
Will    .....        (no amulet)
Stlth   +            (no ring)
HPRegen 0.25/turn    (no ring)
MPRegen 0.08/turn

%: no passive effects
@: no status effects
A: horns 2, retaliatory headbutt
a: no special abilities


You were on level 2 of the Dungeon.
You visited 1 branch of the dungeon, and saw 2 of its levels.

You collected 42 gold pieces.

Inventory:

Hand Weapons
 a - a +0 quarterstaff (weapon)
Missiles
 d - 2 throwing nets (quivered)
 e - a javelin
Armour
 b - a +0 leather armour (worn)
 c - a +0 hat (worn)
Potions
 f - a potion of might {unknown}
 h - 2 potions of heal wounds
 j - a potion of haste {unknown}


   Skills:
 + Level 2.9 Fighting
 - Level 4.0 Staves
 + Level 2.5 Throwing
 + Level 1.5 Armour
 + Level 3.7 Dodging


You had 2 spell levels left.
You didn't know any spells.
Your spell library was empty.

Dungeon Overview and Level Annotations

Branches:
Dungeon (2/15)

Altars:

Annotations:
D:2 Sigmund


Innate Abilities, Weirdness & Mutations

You have a pair of horns on your head.
You reflexively headbutt those who attack you in melee.


Message History

You closely miss something. Your headbutt misses something. Something hits you!
You barely miss something.
You hear some strange, mumbled words.
Something tries to affect you, but you resist.
You hit something. Your headbutt misses something. Something hits you.
* * * LOW HITPOINT WARNING * * *
You closely miss something. Something hits you.
* * * LOW HITPOINT WARNING * * *
You miss something.
It was a potion of heal wounds.
You feel much better. Something hits you.
You hit something. Something hits you!
You barely miss something. Your headbutt misses something. You miss something.
You headbutt something. Something hits you.
* * * LOW HITPOINT WARNING * * *
You hit something.
You hear some strange, mumbled words.
Something tries to affect you, but you resist.
You hit something.
Sigmund appears from thin air!
Reactivating autopickup.
Sigmund gestures at you while chanting. The puff of flame misses you.
Unknown command.
Throw: 3 throwing nets
Press: ? - help, Q - select action, (/) - cycle Shift-Dir - straight line, f - Sigmund
Aim: Sigmund, wielding a +0 scythe and wearing a +0 robe (moderately wounded, 53% to hit)
You throw a throwing net. The throwing net hits Sigmund.
Sigmund is caught in the net!
Sigmund is moderately wounded.
Sigmund struggles against the net.
You hit Sigmund. You headbutt Sigmund.
Sigmund is heavily wounded.
Sigmund points at you and mumbles some strange words.
You resist with significant effort.
Sigmund struggles against the net.
You hit Sigmund but do no damage.
Sigmund is heavily wounded.
You hit Sigmund. You headbutt Sigmund.
Sigmund is almost dead.
Sigmund casts a spell at you. The puff of flame hits you!
You die...

.
#...#...########
..###)..#..##
....#...#.##
#...###...#
#.....#.##
###...#.# #######
#...#..#.##
#.....# #..
###...####.....#
#.
#......@@......#
..
#....######.....#
. .......#
#.....# #.......#
###..## #..#...##
#.# .####.# .# #.
.# #. {>


You could see Sigmund (caught).

Vanquished Creatures
  A gnoll (D:1)
  4 ball pythons (D:1)
  3 bats
  7 endoplasms (D:1)
  A giant cockroach (D:1)
  3 goblins (D:1)
  3 hobgoblins
  A quokka (D:1)
  5 frilled lizards
  5 kobolds
  2 rats
35 creatures vanquished.

Notes
Turn   | Place    | Note
-------+----------+-------------------------------------------
     0 | D:1      | howech the Minotaur Gladiator began the quest for the Orb.
     0 | D:1      | Reached XP level 1. HP: 18/18 MP: 0/0
    46 | D:1      | Reached XP level 2. HP: 19/25 MP: 1/1
   283 | D:1      | Found a faded altar of an unknown god.
   293 | D:1      | Reached skill level 4 in Staves
   296 | D:1      | Reached skill level 1 in Armour
   589 | D:1      | Reached XP level 3. HP: 30/30 MP: 2/2
  1024 | D:2      | Noticed Sigmund
  1052 | D:2      | Killed from afar by Sigmund

Illustrated notes

Levels and vault maps discovered:
D:1:      nzn_arrival_settlement, layout_loops_ring,
          shapermc_ecumenical_altar_totnotflames, minmay_misc_feat_plants,
          kennysheep_doodads
D:2:      layout_loops_corners, amethyst_killhole, nicolae_titane, uniq_sigmund

Skill      XL: |  1  2 |
---------------+-------+-----
Staves         | 4 |  4.0
Armour         | 1 |  1.5
Fighting       | |  2.9
Throwing       | |  2.5
Dodging        | |  3.7

Action                     || total
---------------------------++-------
  Melee: Quarterstaff      ||    80
         Headbutt          ||     9
  Throw: Throwing net      ||     1
    Use: Scroll            ||     2
         Potion            ||     1
 Armour: Leather armour    ||    18
  Dodge: Dodged            ||    43
